 Dungeon Crawl Stone Soup version 0.31-a0-1612-g4aaf141004 (webtiles) character file.

Game seed: 2085485686353002258

3576 Newt the Spear-Bearer (level 10, -2/79 HPs)
             Began as a Merfolk Gladiator on Jan 9, 2024.
             Slain by a wyvern (13 damage)
             ... on level 8 of the Dungeon.
             The game lasted 00:10:49 (6860 turns).

Newt the Spear-Bearer (Merfolk Gladiator)           Turns: 6860, Time: 00:10:50

Health: -2/79      AC:  7    Str: 24    XL:     10   Next: 10%
Magic:  16/17      EV: 15    Int:  8    God:
Gold:   254        SH:  5    Dex: 16    Spells: 17/18 levels left

rFire   . . .        a - +0 trident
rCold   . . .        (no shield)
rNeg    . . .        O - +0 steam dragon scales
rPois   .            c - +0 helmet
rElec   .            (no cloak)
rCorr   .            (no gloves)
SInv    .            r - +0 pair of boots
Will    .....        D - amulet of reflection
Stlth   +++          I - +4 ring of slaying
HPRegen 0.33/turn    t - +6 ring of strength
MPRegen 0.15/turn

%: reflection
@: mighty
A: (nimble swimmer 2), mertail
a: no special abilities


You were on level 8 of the Dungeon.
You visited 2 branches of the dungeon, and saw 8 of its levels.
You also visited: Sewer and Ossuary.

You collected 254 gold pieces.

Inventory:

Hand Weapons
 a - a +0 trident (weapon)
Missiles
 d - a throwing net (quivered)
 e - a javelin
 i - 8 boomerangs
 k - 4 curare-tipped darts
 l - 4 poisoned darts
Armour
 b - a +0 leather armour
 c - a +0 helmet (worn)
 r - a +0 pair of boots (worn)
 O - +0 steam dragon scales (worn)
 P - a +0 buckler
Jewellery
 f - a ring of resist corrosion
 j - an amulet of magic regeneration
 n - an amulet of guardian spirit
 t - a +6 ring of strength (right hand)
 D - an amulet of reflection (around neck)
 I - a +4 ring of slaying (left hand)
 K - a +6 ring of dexterity
 Q - a ring of flight
Wands
 o - a wand of flame (10)
 x - a wand of charming (15)
 H - a wand of polymorph (4)
Scrolls
 m - 2 scrolls of amnesia
 p - a scroll of poison
 q - 3 scrolls of fog
 u - 4 scrolls of enchant armour
 v - a scroll of teleportation
 w - 3 scrolls of fear
 y - 2 scrolls of vulnerability
 M - a scroll of summoning
 R - a scroll of immolation
Potions
 g - a potion of curing
 h - a potion of might
 s - a potion of lignification
 z - 3 potions of mutation
 A - 2 potions of degeneration {unknown}
 B - 3 potions of magic
 C - a potion of invisibility
 E - 2 potions of berserk rage {unknown}
 F - 2 potions of heal wounds {unknown}
 G - a potion of resistance
 J - 2 potions of brilliance {unknown}
 L - 2 potions of haste {unknown}
 N - a potion of cancellation


   Skills:
 - Level 7.0 Fighting
 - Level 10.0 Polearms
 - Level 2.0 Throwing
 - Level 7.0 Dodging
 - Level 5.0 Stealth
 + Level 4.7 Spellcasting
 + Level 5.2 Summonings
 - Level 4.0 Evocations


You had 17 spell levels left.
You knew the following spells:

 Your Spells              Type           Power      Damage    Failure   Level
a - Summon Small Mammal   Summ           40%        N/A       3%          1

Your spell library contained the following spells:

 Spells                   Type           Power      Damage    Failure   Level
 Apportation              Tloc           2%         N/A       26%         1
 Necrotise                Necr           4%         1d4       26%         1
 Sting                    Conj/Alch      4%         1d3       26%         1
 Ensorcelled Hibernation  Hex/Ice        2%         N/A       38%         2
 Static Discharge         Conj/Air       2%         3-4/arc   38%         2
 Passwall                 Erth           1%         N/A       63%         3
 Swiftness                Air            1%         N/A       63%         3


Dungeon Overview and Level Annotations

Branches:
Dungeon (8/15)             Temple (1/1) D:5           Sewer (visited)
Ossuary (visited)
   Lair: D:8-11

Altars:
Ashenzari
Cheibriados
Dithmenos
Elyvilon
Fedhas
Gozag
Kikubaaqudgha
Okawaru
Qazlal
Sif Muna
Trog
Uskayaw
Vehumet
Wu Jian
Xom
The Shining One


Innate Abilities, Weirdness & Mutations

((You are very nimble when in or above water. (Stealth+, EV+, Speed+++)))
Your lower body shifts to a powerful aquatic tail in water.


Message History

The wyvern hisses angrily.
You puncture the yak!
You kill the yak!
Your Summonings skill increases to level 5!
Throw: 2 throwing nets
Press: ? - help, Q - select action, (/) - cycle Shift-Dir - straight line, f - yak
Aim: a yak (76% to hit)
You throw a throwing net. The throwing net hits the yak.
The yak is caught in the net!
The yak struggles against the net.
You impale the yak!!
The yak is heavily wounded.
The yak struggles against the net.
You puncture the yak!
The yak is severely wounded.
You impale the yak!!
You kill the yak!
You hit the yak.
The yak is lightly wounded.
The yak completely misses you.
You puncture the yak!
The yak is moderately wounded.
The yak gores you but does no damage.
You hit the yak.
The yak is heavily wounded.
The yak closely misses you.
The iguana hisses menacingly.
You puncture the yak!
The yak is almost dead.
You hit the yak.
The yak is almost dead.
The yak barely misses you.
You barely miss the yak.
The yak is almost dead.
The yak gores you.
* * * LOW HITPOINT WARNING * * *
You puncture the yak!
You kill the yak!
The wyvern bites you!
You die... .P..♣.. ..PYPPP♣.

....PP..P
♣.......P
..P.....P
#........
#.#.#####.#....P#
#.....@kl.....#
###.#####.#####
#.....# #..<..#
#.........#
#####.....#
#.....# ....#.#
######.#


You could see a wyvern and an iguana.

Vanquished Creatures
  A hornet (D:7)
  A wyvern (D:8)
  3 yaks (D:8)
  A basilisk (D:8)
  2 steam dragons
  2 water moccasins (D:8)
  2 ice beasts
  A sky beast (D:7)
  An orc warrior (D:7)
  An ogre (D:6)
  A centaur (D:5)
  A phantom (D:5)
  2 brain worms (Sewer)
  A scorpion (D:5)
  4 killer bees (D:7)
  5 hounds
  11 bullfrog zombies (Ossuary)
  2 bombardier beetles (D:5)
  A jelly (D:6)
  7 orc priests
  An iguana (D:5)
  2 orc wizards (D:7)
  A killer bee zombie (Ossuary)
  3 crocodile zombies (Ossuary)
  4 hound zombies (Ossuary)
  3 mummies (Ossuary)
  5 howler monkey zombies (Ossuary)
  Robin (D:2)
  8 adders
  3 river rats
  2 shadow imps (D:6)
  A white imp (D:5)
  2 ufetubi (D:7)
  2 dart slugs (D:1)
  3 ribbon worms
  21 orcs
  7 endoplasms
  2 giant cockroaches (D:6)
  12 goblins
  9 hobgoblins
  8 kobolds
  4 quokkas
  9 ball pythons
  3 ball python zombies (Ossuary)
  3 bats
  10 frilled lizards
  11 rats
190 creatures vanquished.

Notes
Turn   | Place    | Note
-------+----------+-------------------------------------------
     0 | D:1      | Newt the Merfolk Gladiator began the quest for the Orb.
     0 | D:1      | Reached XP level 1. HP: 16/16 MP: 1/1
   131 | D:1      | Found a faded altar of an unknown god.
   241 | D:1      | Reached XP level 2. HP: 19/23 MP: 2/2
   619 | D:1      | Reached XP level 3. HP: 30/30 MP: 3/3
   829 | D:2      | Reached XP level 4. HP: 15/37 MP: 4/4
   867 | D:2      | Reached skill level 5 in Polearms
   923 | D:2      | Noticed Robin
   952 | D:2      | Killed Robin
  1661 | D:3      | Found a white marble altar of Elyvilon.
  1727 | D:3      | Reached skill level 6 in Polearms
  1757 | D:3      | Reached XP level 5. HP: 37/42 MP: 5/5
  2113 | D:3      | You fall into a shaft and drop 2 floors!
  2113 | D:5      | Entered Level 5 of the Dungeon
  2155 | D:5      | Found a staircase to the Ecumenical Temple.
  2160 | D:5      | Reached skill level 7 in Polearms
  2163 | Temple   | Entered the Ecumenical Temple
  2177 | D:5      | Found a sand-covered staircase.
  2186 | Ossuary  | Entered an ossuary
  2218 | Ossuary  | Reached XP level 6. HP: 45/48 MP: 4/6
  2253 | Ossuary  | Reached skill level 8 in Polearms
  2445 | Ossuary  | Reached skill level 5 in Dodging
  2561 | Ossuary  | Reached XP level 7. HP: 39/54 MP: 7/7
  2825 | Ossuary  | Reached skill level 5 in Fighting
  3001 | D:5      | Reached XP level 8. HP: 47/65 MP: 3/8
  3297 | D:5      | Reached skill level 1 in Evocations
  4250 | D:6      | Reached skill level 9 in Polearms
  4510 | D:6      | Found a glowing drain.
  4515 | Sewer    | Entered a sewer
  4521 | Sewer    | Reached skill level 10 in Polearms
  4521 | Sewer    | Reached XP level 9. HP: 71/72 MP: 9/9
  5709 | D:7      | Reached skill level 5 in Stealth
  5949 | D:7      | Found a shimmering blue altar of Sif Muna.
  5962 | D:7      | Got Sif Muna's Grimoire of Electricity
  5985 | D:7      | Reached skill level 1 in Spellcasting
  5985 | D:7      | Reached skill level 1 in Summonings
  6186 | D:7      | Learned a level 1 spell: Summon Small Mammal
  6186 | D:7      | Found a bloodstained altar of Trog.
  6281 | D:7      | Noticed a hornet
  6287 | D:7      | Killed a hornet
  6841 | D:8      | Reached XP level 10. HP: 30/79 MP: 16/16
  6850 | D:8      | Reached skill level 5 in Summonings
  6860 | D:8      | Slain by a wyvern

Illustrated notes

Levels and vault maps discovered:
D:1:      dpeg_arrival_radiant, layout_loops_cross,
          shapermc_ecumenical_altar_totnotflames
D:2:      layout_rooms, minmay_goblin_kobold_house, uniq_robin
D:3:      layout_rooms, lemuel_crystal_altar, minivault_5, uniq_jessica
D:5:      layout_cave_pods, minmay_temple_entry_proselytizer,
          nicolae_ossuary_entry_monument, minmay_misc_feat_square
D:6:      layout_gridville, gup_sewer_entry_spiral
D:7:      layout_loops_ring, nzn_overflow_gifts_of_might_and_magic
D:8:      layout_loops_ring, lemuel_round_altar, minmay_lair_entry_grove,
          minmay_manual_monstrance, uniq_grum, uniq_maurice
Temple:   hellmonk_temple_forest_ring

Skill      XL: |  1  2  3  4  5  6  7  8  9 10 |
---------------+-------------------------------+-----
Fighting       | 3 4 6 7 |  7.0
Polearms       | 6 7 8 10 | 10.0
Dodging        | 6 7 |  7.0
Evocations     | 4 |  4.0
Stealth        | 5 |  5.0
Spellcasting   | 4 |  4.7
Summonings     | 4 5 |  5.2
Throwing       | |  2.0

Action                     |  1- 3 |  4- 6 |  7- 9 | 10-12 || total
---------------------------+-------+-------+-------+-------++-------
  Melee: Trident           |    92 |   288 |   426 |    17 ||   823
         Punch             |     2 |     3 |     7 |       ||    12
         Tailslap          |       |       |     3 |       ||     3
  Throw: Javelin           |       |     1 |       |       ||     1
         Throwing net      |       |     1 |     1 |     1 ||     3
    Use: Scroll            |     4 |     4 |    11 |       ||    19
         Potion            |     2 |       |     3 |     2 ||     7
   Stab: Sleeping          |     5 |     1 |     7 |       ||    13
         Distracted        |       |     1 |     1 |       ||     2
 Armour: Leather armour    |    37 |   119 |   114 |       ||   270
         Steam dragon scal |       |       |    35 |     7 ||    42
  Dodge: Dodged            |    45 |   140 |   214 |     5 ||   404
  Block: Other             |       |       |    25 |       ||    25

Table legend: (Time is in decaauts)
 A = Elapsed time spent in this place.
 B = Non-inter-level travel time spent in this place.
 C = Inter-level travel time spent in this place.
 D = Time resting spent in this place.
 E = Time spent auto-exploring this place.
 F = Levels seen in this place.
 G = Mean time per level.
                   A        B        C        D        E       F      G
               +--------+--------+--------+--------+--------+-----+--------+
         Total |   6725 |   6605 |    120 |   1178 |   3906 |  10 |  672.5 |
       Dungeon |   5643 |   5524 |    119 |   1157 |   3210 |   7 |  806.1 |
        Temple |      1 |      0 |      1 |      0 |      0 |   1 |    1.0 |
         Sewer |    316 |    316 |      0 |      0 |    220 |   1 |  316.0 |
       Ossuary |    763 |    763 |      0 |     21 |    475 |   1 |  763.0 |
               +--------+--------+--------+--------+--------+-----+--------+

Top non-repeatable levels by time:
     D:5: 1256 daAuts
     D:7: 1220 daAuts
     D:6: 982 daAuts
     D:2: 908 daAuts
 Ossuary: 763 daAuts
     D:1: 762 daAuts
     D:3: 451 daAuts
   Sewer: 316 daAuts
     D:8: 63 daAuts
  Temple: 1 daAuts
